Map: Abyssal Reef LE

Players

Stryfe

  • Race: Protoss Protoss
  • League: Diamond
  • Spawn Location: 5:00

FLORENCIO - Winner!

  • Race: Protoss Protoss
  • League: Master
  • Spawn Location: 11:00

VOD

Have the link to the VOD?

Description

Time

  • Played on: June 13, 2017, 11:53 a.m.
  • Length: 5:25
Show
View Real Time Build Order
Export as new Build Order

Stryfe Protoss 

Build Orders:  

Get SALT Encoding   

  12  0:03  Probe (Chrono Boost)  
  13  0:13  Probe (Chrono Boost)  
  14  0:24  Probe (Chrono Boost)  
  15  0:28  Pylon  
  15  0:46  Probe (Chrono Boost)  
  15  0:49  Gateway  
  16  0:52  Assimilator  
  16  0:57  Probe (Chrono Boost)  
  17  1:11  Probe (Chrono Boost)  
  18  1:19  Assimilator  
  18  1:22  Probe (Chrono Boost)  
  18  1:23  Gateway  
  19  1:42  Cybernetics Core  
  19  1:43  Probe (Chrono Boost)  
  20  1:53  Pylon  
  21  1:54  Probe (Chrono Boost)  
  21  2:04  Probe (Chrono Boost)  
  22  2:19  Mothership Core (Chrono Boost)  
  22  2:21  Stalker  
  28  2:25  Stalker  
  28  2:28  Pylon  
  28  2:30  Warp Gate  
  24  3:31  Probe (Chrono Boost)  
  24  3:34  Nexus  
  25  3:35  Pylon  
  25  3:37  Stalker  
  25  3:38  Stalker  
  27  3:50  Probe (Chrono Boost)  
  26  4:23  Probe (Chrono Boost)  
  24  4:27  Twilight Council, Robotics Facility  
  24  4:38  Probe (Chrono Boost)  
  25  4:47  Probe (Chrono Boost)  
  25  4:50  Probe (Chrono Boost)  
Show
View Real Time Build Order
Export as new Build Order

FLORENCIO Protoss - Winner!

Build Orders: 1 Gate Expand, Dark Templar Rush 

Get SALT Encoding   

  12  0:04  Probe (Chrono Boost)  
  13  0:14  Probe (Chrono Boost)  
  14  0:22  Pylon  
  14  0:25  Probe (Chrono Boost)  
  15  0:40  Probe (Chrono Boost)  
  16  0:43  Gateway  
  16  0:49  Assimilator  
  16  0:51  Probe (Chrono Boost)  
  17  1:01  Probe (Chrono Boost)  
  18  1:12  Probe (Chrono Boost)  
  19  1:25  Nexus  
  19  1:31  Assimilator  
  19  1:32  Probe (Chrono Boost)  
  20  1:45  Cybernetics Core, Probe (Chrono Boost)  
  21  2:03  Probe (Chrono Boost)  
  21  2:04  Pylon  
  22  2:13  Warp Gate, Probe (Chrono Boost)  
  23  2:25  Twilight Council  
  23  2:28  Probe (Chrono Boost)  
  24  2:38  Mothership Core (Chrono Boost)  
  24  2:40  Probe (Chrono Boost), Pylon  
  27  2:51  Pylon  
  24  3:09  Mothership Core (Chrono Boost)  
  26  3:16  Dark Shrine  
  26  3:18  Gateway  
  26  3:26  Gateway  
  26  3:40  Probe (Chrono Boost)  
  25  3:51  Mothership Core (Chrono Boost)  
  25  3:52  Pylon  
  25  3:54  Pylon  
  27  3:56  Pylon  
  24  4:28  Dark Templar  
  24  4:29  Dark Templar  
Tags
 
Add a new tag
Caveats
  • Supply blocks, unpowered buildings, or Contaminate may cause inaccurate times.
  • Supply counts are checked every 10 seconds.